 Dungeon Crawl Stone Soup version 0.24.1-8-ga250c9d538 (webtiles) character file.

Game seed: 12609927283789413319, levelgen mode: deterministic

32 blainexi the Conjurer (level 2, 0/20 HPs)
             Began as a Demigod Conjurer on Apr 26, 2020.
             Succumbed to an adder's poison
             ... on level 2 of the Dungeon.
             The game lasted 00:13:16 (722 turns).

blainexi the Conjurer (Demigod Conjurer)             Turns: 722, Time: 00:13:16

Health: 0/20       AC:  2    Str: 11    XL:     2   Next: 93%
Magic:  2/7        EV: 13    Int: 19    God:
Gold:   6          SH:  0    Dex: 16    Spells: 4/5 levels left

rFire    . . .     SeeInvis .   (no weapon)
rCold    . . .     Gourm    .   (no shield)
rNeg     . . .     Faith    .   a - +0 robe
rPois    .         Spirit   .   (no helmet)
rElec    .         Reflect  .   (no cloak)
rCorr    .         Harm     .   (no gloves)
MR       .....                  (no boots)
Stlth    ++........             (no amulet)
HPRegen  0.06/turn              (no ring)
MPRegen  0.10/turn              (no ring)

@: lethally poisoned (0 -> -14), very slightly contaminated
A: high mp 1
a: no special abilities


You were on level 2 of the Dungeon.
You were not hungry.

You visited 1 branch of the dungeon, and saw 2 of its levels.

You collected 6 gold pieces.

Inventory:

Hand Weapons
 e - a +0 club
Missiles
 b - 30 stones (quivered)
Armour
 a - a +0 robe (worn)
 d - a cursed +0 leather armour
 f - a +0 leather armour
 g - a +0 buckler
Comestibles
 c - a ration


   Skills:
 * Level 2.0 Dodging
 - Level 1.7 Stealth
 * Level 2.0 Spellcasting
 + Level 4.3 Conjurations


You had 4 spell levels left.
You knew the following spells:

 Your Spells              Type           Power        Failure   Level  Hunger
a - Magic Dart            Conj           ###.         2%          1    #......

Your spell library contained the following spells:

 Spells                   Type           Power        Failure   Level  Hunger
 Searing Ray              Conj           ###...       4%          2    ###....
 Dazzling Spray           Conj/Hex       ##....       21%         3    ###....
 Iskenderun's Mystic Bla  Conj           ###.....     28%         4    #####..
 Force Lance              Conj/Tloc      ##......     56%         4    #####..
 Fulminant Prism          Conj/Hex       ##........   56%         4    #####..


Dungeon Overview and Level Annotations

Branches:
Dungeon (2/15)


Innate Abilities, Weirdness & Mutations

You have an increased reservoir of magic. (+10% MP)


Message History

The adder bites you.
* * * LOW HITPOINT WARNING * * *
You are lethally poisoned!
The adder poisons you!
* * * LOW HITPOINT WARNING * * *
You feel sick.
Casting: Magic Dart (safe; 2% risk of failure)
Confirm with . or Enter, or press ? or * to list all spells.
You don't know that spell.
You closely miss the adder.
The adder is heavily wounded.
The adder bites you.
* * * LOW HITPOINT WARNING * * *
You are more poisoned.
The adder poisons you!
You can't go down here!
Drop what? 8/52 slots (_ for help) (? for menu, Esc to quit)
Okay, then.
You drop a fizzy yellow potion.
You die...

##.. .##.##..####.. #
#..#..#..#.........
##.
#....##.##.........
#...#'#
#..#..........
#...####.##......#..#
###...#..#...........
###...##.....#.#..#
###.#....S.#.#..#
#+#....@......#
#......#.#..#
##...........#
#...............
##.#.....#..#.#.#
#........#..#.#.#
##.##...#.#..#.#.# ##
#............#...#
.###
#.###.#.#.#..#...#


You could see an adder.

Vanquished Creatures
  An adder (D:2)
  2 dart slugs (D:1)
  A leopard gecko (D:2)
  2 giant cockroaches (D:1)
  A goblin (D:1)
  2 hobgoblins (D:1)
  2 jackals (D:2)
  3 bats (D:1)
  A frilled lizard (D:2)
  A kobold (D:2)
  2 rats (D:1)
18 creatures vanquished.

Notes
Turn   | Place    | Note
-------+----------+-------------------------------------------
     0 | D:1      | blainexi the Demigod Conjurer began the quest for the Orb.
     0 | D:1      | Reached XP level 1. HP: 14/14 MP: 5/5
   268 | D:1      | Reached skill level 4 in Conjurations
   314 | D:1      | Reached XP level 2. HP: 18/20 MP: 2/7
   518 | D:1      | You fall into a shaft and drop 1 floor!
   533 | D:2      | Found an iron altar of Okawaru.
   534 | D:2      | Found a shadowy altar of Dithmenos.
   534 | D:2      | Found a glowing silver altar of Zin.
   554 | D:2      | Found an opulent altar of Gozag.
   722 | D:2      | Succumbed to an adder's poison

Levels and vault maps discovered:
D:1:      dpeg_arrival_rooms_c, layout_loops_corners
D:2:      minmay_skewed_foursquare, layout_basic,
          nicolae_overflow_quartered_altars, roderic_serpentine_path

Skill      XL: |  1  2 |
---------------+-------+-----
Conjurations   | 4 |  4.3
Dodging        | 2 |  2.0
Spellcasting   | 2 |  2.0
Stealth        | |  1.7

Action                   || total
-------------------------++-------
Melee: Unarmed           ||    13
 Cast: Magic Dart        ||    39
Armor: Robe              ||     5
Dodge: Dodged            ||    16
